 Dungeon Crawl Stone Soup version 0.29.1-15-g9cfb28693d (webtiles) character file.

Game seed: 10990702887587809161

6 HOAXBANE2 the Charlatan (level 1, -1/10 HPs)
             Began as a Spriggan Artificer on Mar 30, 2023.
             Slain by a hobgoblin (4 damage)
             ... on level 1 of the Dungeon.
             The game lasted 00:01:05 (463 turns).

HOAXBANE2 the Charlatan (Spriggan Artificer)         Turns: 463, Time: 00:01:06

Health: -1/10      AC:  2    Str:  8    XL:     1   Next: 75%
Magic:  2/2        EV: 18    Int: 12    God:
Gold:   32         SH:  0    Dex: 15    Spells: 0/0 levels left

rFire   . . .      SeeInvis +   f - +0 short sword
rCold   . . .      Faith    .   (no shield)
rNeg    . . .      Spirit   .   b - +0 robe
rPois   .          Reflect  .   (helmet restricted)
rElec   .          Harm     .   (no cloak)
rCorr   .          Rampage  .   (gloves unavailable)
Will    .....                   (boots unavailable)
Stlth   ++........              (no amulet)
HPRegen 0.03/turn               (no ring)
MPRegen 0.08/turn               (no ring)

@: very quick
A: very small, no large weapons, unfitting armour, see invisible, speed 3
a: no special abilities


You were on level 1 of the Dungeon.
You visited 1 branch of the dungeon, and saw 1 of its levels.

You collected 32 gold pieces.

Inventory:

Hand Weapons
 f - a +0 short sword (weapon)
Armour
 b - a +0 robe (worn)
Wands
 c - a wand of flame (15) (quivered)
 d - a wand of charming (15)
 e - a wand of iceblast (5)
Scrolls
 a - a scroll of teleportation {unknown}


   Skills:
 - Level 1.0 Fighting
 + Level 3.6 Dodging
 - Level 2.0 Stealth
 - Level 4.0 Evocations


You couldn't memorise any spells.
You didn't know any spells.
Your spell library was empty.

Dungeon Overview and Level Annotations

Branches:
Dungeon (1/15)

Altars:


Innate Abilities, Weirdness & Mutations

You are very small and have problems with some larger weapons.
You are too small for most types of armour.
You have supernaturally acute eyesight. (SInv)
You cover ground extremely quickly. (Speed+++)


Message History

The hobgoblin shouts!
The bat barely misses you. The bat closely misses you.
The giant cockroach bites you but does no damage.
The bat closely misses you.
You closely miss the giant cockroach. The giant cockroach misses you.
You hit the giant cockroach but do no damage.
The giant cockroach misses you.
You completely miss the giant cockroach.
The giant cockroach barely misses you. x2
You hit the giant cockroach.
The giant cockroach is almost dead.
The giant cockroach bites you but does no damage.
You closely miss the giant cockroach.
The giant cockroach is almost dead.
The giant cockroach waves its antennae.
The giant cockroach completely misses you.
You hit the giant cockroach.
You kill the giant cockroach!
The bat completely misses you. The bat misses you.
The bat hits you but does no damage.
You hit the bat but do no damage. The bat barely misses you.
The bat misses you. The bat hits you. The bat barely misses you.
You miss the bat. The bat completely misses you.
You barely miss the bat. The bat barely misses you. The bat closely misses you.
You barely miss the bat. The bat misses you.
You completely miss the hobgoblin. The hobgoblin hits you.
You hit the hobgoblin but do no damage. The hobgoblin closely misses you.
You closely miss the hobgoblin. The hobgoblin misses you. x2
You closely miss the hobgoblin. The hobgoblin barely misses you.
You completely miss the hobgoblin. The hobgoblin closely misses you.
You hit the hobgoblin but do no damage. The hobgoblin closely misses you.
You closely miss the hobgoblin. The hobgoblin hits you.
* * * LOW HITPOINT WARNING * * *
You hit the hobgoblin.
The hobgoblin is moderately wounded.
The hobgoblin misses you.
You completely miss the hobgoblin.
The hobgoblin is moderately wounded.
The hobgoblin hits you.
You die...

#.#.......##.#.# # #.
...##.##.##.#.# .# #..
#..##.##.##...♣### . #.#
.............♣♣.♣♣
#.####.##.##.####.♣♣♣.♣♣♣
#....#.##.##.# #.♣♣.♣♣♣.
#####............# #..♣_.♣.♣
...#......##.#######.♣♣♣♣.♣♣
#######.#.....bg@..........♣♣.♣♣♣
...............##.#######.♣♣♣♣♣..
##......##.....##.# #.♣ ♣♣.
####..##########.# #.♣♣♣♣ ♣♣
#####b### ... #....♣♣♣♣ ........#
#.# ####..♣.. ..........# .#
##..#. ............# .# #..##
..........#.# ###.##


You could see a hobgoblin and a bat.

Vanquished Creatures
  An endoplasm (D:1)
  A giant cockroach (D:1)
  A hobgoblin (D:1)
  A frilled lizard (D:1)
  A kobold (D:1)
  A rat (D:1)
6 creatures vanquished.

Notes
Turn   | Place    | Note
-------+----------+-------------------------------------------
     0 | D:1      | HOAXBANE2 the Spriggan Artificer began the quest for the
                  | Orb.
     0 | D:1      | Reached XP level 1. HP: 9/9 MP: 2/2
   302 | D:1      | Reached skill level 1 in Fighting
   352 | D:1      | Found a faded altar of an unknown god.
   463 | D:1      | Slain by a hobgoblin

Illustrated notes

Levels and vault maps discovered:
D:1:      ncdulo_lavacross, layout_loops_ring, chequers_ecumenical_altar_grove,
          minivault_27, wad_floor_pattern_1

Skill      XL: |  1 |
---------------+----+-----
Fighting       | 1 |  1.0
Stealth        | 2 |  2.0
Dodging        | |  3.6
Evocations     | |  4.0

Action                   || total
-------------------------++-------
Melee: Short sword       ||    36
       Club              ||     1
 Stab: Sleeping          ||     2
Armor: Robe              ||     3
Dodge: Dodged            ||    42
